 Dungeon Crawl Stone Soup version 0.30.1-11-g7821555f0a (webtiles) character file.

Game seed: 8762567566805979542

179 ChrisAssaf the Sneak (level 5, 0/39 HPs)
             Began as a Djinni Brigand on Jan 10, 2024.
             Slain by Duvessa
             ... wielding a +0 rapier
              (6 damage)
             ... on level 5 of the Dungeon.
             The game lasted 00:06:08 (1044 turns).

ChrisAssaf the Sneak (Djinni Brigand)               Turns: 1044, Time: 00:06:09

Health: 0/39       AC:  6    Str: 10    XL:     5   Next: 90%
Gold:   56         EV: 10    Int: 15    God:
                   SH:  0    Dex: 14

rFire   + + .        k - +0 short sword (holy)
rCold   . . .        (no shield)
rNeg    . . .        g - +0 ring mail {Will+}
rPois   ∞            (no helmet)
rElec   .            c - +0 cloak
rCorr   .            (no gloves)
SInv    .            (boots unavailable)
Will    +....        (no amulet)
Stlth   ++           l - ring of protection from cold
HPRegen 0.26/turn    (no ring)
MPRegen 0.00/turn

%: infuse magic (-1 HP)
@: flying, very slightly contaminated
A: sickness immunity, fire resistance 2, cold vulnerability 1, float, innate
caster, HP casting, extra vitality 1
a: no special abilities


You were on level 5 of the Dungeon.
You visited 1 branch of the dungeon, and saw 5 of its levels.

You collected 56 gold pieces.

Inventory:

Hand Weapons
 a - a +2 dagger
 k - a +0 short sword of holy wrath (weapon)
Missiles
 d - 7 poisoned darts (quivered)
 e - 9 curare-tipped darts
Armour
 b - a +0 robe
 c - a +0 cloak (worn)
 g - a +0 ring mail of willpower (worn)
Jewellery
 l - a ring of protection from cold (left hand)
Scrolls
 f - a scroll of immolation
 i - a scroll of enchant armour
 j - a scroll of identify
Potions
 h - a potion of cancellation


   Skills:
 * Level 2.5 Fighting
 * Level 2.5 Short Blades
 * Level 2.3 Throwing
 * Level 1.6 Armour
 * Level 1.7 Dodging
 * Level 4.1 Stealth
 * Level 0.9 Spellcasting


You knew the following spells:

 Your Spells              Type           Power      Damage    Failure   Level
a - Apportation           Tloc           6%         N/A       38%         1
b - Searing Ray           Conj           6%         2d4       54%         2
Your spell library was empty.

Dungeon Overview and Level Annotations

Branches:
Dungeon (5/15)
 Temple: D:4-7

Altars:
Hepliaklqana

Shops:
D:4 *

Annotations:
D:5 Dowan, Duvessa


Innate Abilities, Weirdness & Mutations

You are immune to sickness and miasma.
You are immune to poison.
Your flesh is very heat resistant. (rF++)
You are vulnerable to cold. (rC-)
You float through the air rather than walking.
You learn spells naturally, not from books.
Your magical power is your life essence.
You have superior vitality. (+4 MHP)


Message History

Unknown command.
Casting: Searing Ray (quite dangerous; 54% risk of failure)
Confirm with . or Enter, or press ? or * to list all spells.
Okay, then.
Casting: Searing Ray (quite dangerous; 54% risk of failure)
Confirm with . or Enter, or press ? or * to list all spells.
The spell is quite dangerous to miscast (54% risk of failure)!
Continue anyway?
Aiming: Searing Ray (quite dangerous; 54% risk of failure)
Press: ? - help, Shift-Dir - straight line, f/p - Duvessa
Aim: Duvessa, wielding a +0 rapier, wearing a +0 ring mail and carrying a wand of polymorph (8) (fast, 81% to hit)
You miscast Searing Ray.
Nothing appears to happen.
Duvessa hits you with a +0 rapier.
Dowan mumbles some strange words.
Dowan blinks!
Casting: Searing Ray (quite dangerous; 54% risk of failure)
Confirm with . or Enter, or press ? or * to list all spells.
The spell is quite dangerous to miscast (54% risk of failure)!
Continue anyway?
Aiming: Searing Ray (quite dangerous; 54% risk of failure)
Press: ? - help, Shift-Dir - straight line, f/p - Duvessa
Aim: Duvessa, wielding a +0 rapier, wearing a +0 ring mail and carrying a wand of polymorph (8) (fast, 81% to hit)
You miscast Searing Ray.
Nothing appears to happen.
Duvessa zaps a wand.
You resist with almost no effort.
Duvessa zaps a wand.
You resist with almost no effort.
Casting: Searing Ray (quite dangerous; 54% risk of failure)
Confirm with . or Enter, or press ? or * to list all spells.
The spell is quite dangerous to miscast (54% risk of failure)!
Continue anyway?
Aiming: Searing Ray (quite dangerous; 54% risk of failure)
Press: ? - help, Shift-Dir - straight line, f/p - Duvessa
Aim: Duvessa, wielding a +0 rapier, wearing a +0 ring mail and carrying a wand of polymorph (6) (fast, 81% to hit)
You miscast Searing Ray.
Nothing appears to happen.
* * * LOW HITPOINT WARNING * * *
Duvessa hits you with a +0 rapier.
* * * LOW HITPOINT WARNING * * *
Okay, then.
Okay, then.
You hit Duvessa.
Duvessa is lightly wounded.
Duvessa says, "Where magic fails, the sword succeeds!"
Duvessa hits you with a +0 rapier.
You die...

.. #..## ...
....# ....
###....###
)..$###.<......#
#..[..#..#.##.#
#..[..#..#.#
#..........#
#..(...#######
#......!We@..#
######..####.#
#..# # #..# ##..
#).. #... ...#.


You could see Duvessa (fast) and a phantom.

Vanquished Creatures
  An ogre (D:3)
  A sleepcap (D:4)
  2 adders (D:3)
  A worm (D:2)
  An orc (D:4)
  2 ball pythons
  2 bats
  5 endoplasms
  3 giant cockroaches
  4 goblins
  2 hobgoblins (D:4)
  4 jackals (D:2)
  2 kobolds (D:3)
  5 quokkas
  A frilled lizard (D:1)
  3 rats (D:2)
39 creatures vanquished.

Notes
Turn   | Place    | Note
-------+----------+-------------------------------------------
     0 | D:1      | ChrisAssaf the Djinni Brigand began the quest for the Orb.
     0 | D:1      | Reached XP level 1. HP: 18/18 MP: 0/0
   103 | D:1      | Reached XP level 2. HP: 22/23 MP: 0/0
   294 | D:2      | Found a hazy altar of Hepliaklqana.
   428 | D:2      | Reached XP level 3. HP: 28/28 MP: 0/0
   428 | D:2      | Learned a level 1 spell: Apportation
   609 | D:3      | Reached XP level 4. HP: 26/33 MP: 0/0
   693 | D:3      | Noticed an ogre
   708 | D:3      | Killed an ogre
   709 | D:3      | Reached skill level 1 in Armour
   709 | D:3      | Reached skill level 4 in Stealth
   709 | D:3      | Reached XP level 5. HP: 15/39 MP: 0/0
   709 | D:3      | Learned a level 2 spell: Searing Ray
   985 | D:4      | Found Legutyoh's Neck Hole.
  1029 | D:5      | Entered Level 5 of the Dungeon
  1029 | D:5      | Noticed Duvessa
  1029 | D:5      | Noticed Dowan
  1033 | D:5      | Noticed a phantom
  1044 | D:5      | Slain by Duvessa

Illustrated notes

Levels and vault maps discovered:
D:1:      amcnicky_arrival_flooded_fountain, layout_basic
D:2:      wad_woods_stonehenge, layout_basic, serial_shops, shop,
          kennysheep_generic_room_14
D:3:      layout_loops_ring, uniq_robin
D:4:      layout_loops_corners, nicolae_shop_sticking_my_neck_out
D:5:      layout_basic, nicolae_ossuary_entry_giza, minmay_manual_moon,
          uniq_duvessa, uniq_pikel, uniq_sigmund

Skill      XL: |  1  2  3  4 |
---------------+-------------+-----
Short Blades   | 2 |  2.5
Throwing       | 2 |  2.3
Armour         | 1 |  1.6
Stealth        | 4 |  4.1
Fighting       | |  2.5
Dodging        | |  1.7
Spellcasting   | |  0.9

Action                     |  1- 3 |  4- 6 || total
---------------------------+-------+-------++-------
  Melee: Dagger            |    59 |       ||    59
         Short sword       |    11 |    42 ||    53
         Punch             |       |     1 ||     1
  Throw: Dart              |    20 |     4 ||    24
   Cast: Apportation       |       |     2 ||     2
         Searing Ray       |       |     1 ||     1
    Use: Scroll            |     1 |     1 ||     2
         Potion            |     1 |     2 ||     3
   Stab: Sleeping          |     4 |     1 ||     5
 Armour: Robe              |     2 |       ||     2
         Ring mail         |    35 |     8 ||    43
  Dodge: Dodged            |    47 |    24 ||    71
